 Dungeon Crawl Stone Soup version 0.29.0-15-g675c0067aa (webtiles) character file.

Game seed: 7781412752685648426

1585 RascalDebosk the Fighter (level 8, 0/115 HPs)
             Began as a Minotaur Berserker on Sept 11, 2022.
             Was an Elder of Trog.
             Slain by an orc warrior
             ... wielding a +0 trident
              (12 damage)
             ... on level 6 of the Dungeon.
             The game lasted 00:25:35 (5851 turns).

RascalDebosk the Fighter (Minotaur Berserker)       Turns: 5851, Time: 00:25:36

Health: 0/115      AC: 10    Str: 23    XL:     8   Next: 61%
Magic:  7/7        EV: 10    Int:  6    God:    Trog [****..]
Gold:   319        SH:  6    Dex:  9    Spells: 7/7 levels left

rFire   . . .      SeeInvis .   a - +1 hand axe
rCold   + . .      Faith    .   n - +0 kite shield
rNeg    . . .      Spirit   .   b - +0 chain mail
rPois   .          Reflect  .   (helmet restricted)
rElec   .          Harm     .   (no cloak)
rCorr   .          Rampage  .   (no gloves)
Will    .....                   (no boots)
Stlth   ..........              (no amulet)
HPRegen 0.29/turn               f - +4 ring of evasion
MPRegen 0.10/turn               q - ring of protection from cold

@: berserking, studying Fighting, very quick
A: horns 2, retaliatory headbutt
a: Renounce Religion, Berserk, Trog's Hand, Brothers in Arms


You were on level 6 of the Dungeon.
You worshipped Trog.
Trog was greatly pleased with you.
You visited 1 branch of the dungeon, and saw 6 of its levels.
You also visited: Sewer.

You collected 319 gold pieces.

Inventory:

Hand Weapons
 a - a +1 hand axe (weapon)
Missiles
 g - 10 poisoned darts (quivered)
 p - 5 javelins
 s - 4 boomerangs
Armour
 b - a +0 chain mail (worn)
 n - a +0 kite shield (worn)
Jewellery
 f - a +4 ring of evasion (left hand)
 m - an amulet of faith
 q - a ring of protection from cold (right hand)
Wands
 d - a wand of digging (4)
 t - a wand of flame (10)
Scrolls
 e - a scroll of teleportation
 h - a scroll of identify
 j - a scroll of enchant armour
 l - a scroll of butterflies {unknown}
 o - 3 scrolls of magic mapping {unknown}
 v - a scroll of immolation {unknown}
Potions
 c - 2 potions of cancellation {unknown}
 i - 3 potions of invisibility
 k - 2 potions of heal wounds
 r - 2 potions of haste
 u - a potion of berserk rage {unknown}


   Skills:
 + Level 8.8 Fighting
 + Level 6.9 Axes
 + Level 4.4 Throwing
 + Level 6.2 Armour
 - Level 2.5 Dodging
 + Level 4.0 Evocations


You had 7 spell levels left.
You didn't know any spells.
Your spell library was empty.

Dungeon Overview and Level Annotations

Branches:
Dungeon (6/15)              Sewer (visited)
 Temple: D:4-7

Altars:
Kikubaaqudgha
Makhleb

Shops:
D:6 :


Innate Abilities, Weirdness & Mutations

You have a pair of horns on your head.
You reflexively headbutt those who attack you in melee.


Message History

You completely miss the orc wizard. The orc hits you but does no damage.
The orc warrior hits you from afar with a +0 trident!
The orc wizard closely misses you. You block the orc warrior's attack.
The orc barely misses you.
You hit the orc.
The orc is severely wounded.
You hit the orc wizard.
The orc warrior hits you from afar with a +0 trident!
* * * LOW HITPOINT WARNING * * *
You barely miss the orc wizard. Your headbutt misses the orc wizard.
The orc wizard is moderately wounded.
You barely miss the orc. You block the orc warrior's attack.
The orc hits you with a +0 dagger.
* * * LOW HITPOINT WARNING * * *
You barely miss the orc wizard. Your headbutt misses the orc wizard.
The orc wizard is moderately wounded.
You hit the orc.
The orc wizard gestures at you while chanting.
You resist with some effort. The orc closely misses you.
The orc warrior hits you from afar with a +0 trident!
* * * LOW HITPOINT WARNING * * *
A red film seems to cover your vision as you go berserk!
You feel yourself moving faster!
You feel mighty! The orc wizard barely misses you. You furiously retaliate!
You headbutt the orc wizard. The orc hits you with a +0 dagger.
* * * LOW HITPOINT WARNING * * *
The orc warrior hits you from afar with a +0 trident.
* * * LOW HITPOINT WARNING * * *
You barely miss the orc wizard. Your headbutt misses the orc wizard.
The orc wizard is severely wounded.
You completely miss the orc.
The orc wizard hits you but does no damage.
You block the orc's attack. The orc warrior barely misses you.
You closely miss the orc wizard. You headbutt the orc wizard!
You kill the orc wizard!
Trog accepts your kill.
Trog appreciates your killing of a magic user.
You closely miss the orc.
The orc warrior hits you with a +0 trident!
You die...

####.#....#.# #####
........#.?.#####...#
####.....#..........#
##...#########...##
##.## #.....# #.#
#.#.#.# #.# #.#.#.#
#+# #)#.# # #@oo#
#o.## ....# ##
#...... .+ .......#
## ##.....## #.....#
#.^...#


You could see an orc warrior and 2 orcs.

Vanquished Creatures
  Pikel (D:4)
  Duvessa (D:4)
  2 ogres
  2 necrophages
  Dowan (D:4)
  2 hounds (D:5)
  3 jellies (Sewer)
  An orc priest (D:4)
  Natasha (thrice) (D:4)
  2 iguanas (D:5)
  4 orc wizards
  4 gnolls (D:4)
  10 adders
  A river rat (D:4)
  An ufetubus (D:5)
  3 worms
  4 dart slugs
  11 orcs
  12 ball pythons
  16 endoplasms
  8 giant cockroaches
  5 goblins
  4 hobgoblins
  7 jackals (D:4)
  8 kobolds
  2 quokkas
  4 bats
  9 frilled lizards
  11 rats
142 creatures vanquished.

Vanquished Creatures (others)
  A human (D:3)
  A plant (D:3)
2 creatures vanquished.

Grand Total: 144 creatures vanquished

Notes
Turn   | Place    | Note
-------+----------+-------------------------------------------
     0 | D:1      | RascalDebosk the Minotaur Berserker began the quest for the
                  | Orb.
     0 | D:1      | Reached XP level 1. HP: 19/19 MP: 0/0
   281 | D:1      | Reached XP level 2. HP: 26/27 MP: 1/1
   585 | D:1      | Found a faded altar of an unknown god.
   868 | D:2      | Reached skill level 4 in Fighting
   868 | D:2      | Reached XP level 3. HP: 31/33 MP: 2/2
  1572 | D:2      | Reached XP level 4. HP: 29/40 MP: 3/3
  1791 | D:2      | Reached skill level 1 in Throwing
  2190 | D:2      | Reached ** piety under Trog
  2245 | D:3      | Found an ancient bone altar of Kikubaaqudgha.
  2246 | D:3      | Noticed a human
  2249 | D:3      | Killed a human
  2353 | D:3      | Reached skill level 1 in Evocations
  2825 | D:3      | Reached XP level 5. HP: 47/47 MP: 4/4
  3073 | D:4      | Identified a scroll of acquirement
  3073 | D:4      | Acquired a manual of Fighting
  3131 | D:4      | Noticed an ogre
  3138 | D:4      | Killed an ogre
  3139 | D:4      | Reached skill level 5 in Fighting
  3257 | D:4      | Found a glowing drain.
  3261 | Sewer    | Entered a sewer
  3307 | Sewer    | Reached *** piety under Trog
  3359 | Sewer    | Reached XP level 6. HP: 55/56 MP: 5/5
  3365 | Sewer    | Reached skill level 5 in Axes
  3406 | Sewer    | Found a viscous altar of Jiyva.
  3798 | D:4      | Noticed Duvessa
  3798 | D:4      | Noticed Dowan
  3806 | D:4      | Killed Dowan
  3816 | D:4      | Killed Duvessa
  3817 | D:4      | Reached skill level 6 in Fighting
  3817 | D:4      | Reached XP level 7. HP: 63/63 MP: 6/6
  3948 | D:4      | Noticed Natasha
  3954 | D:4      | Killed Natasha
  4595 | D:4      | Noticed Pikel
  4607 | D:4      | Killed Pikel
  4608 | D:4      | Reached skill level 7 in Fighting
  4608 | D:4      | Reached skill level 5 in Armour
  4608 | D:4      | Reached XP level 8. HP: 74/74 MP: 7/7
  4647 | D:4      | Found a burning altar of Makhleb.
  4659 | D:4      | Noticed Natasha
  4666 | D:4      | Killed Natasha
  4750 | D:4      | Noticed Natasha
  4753 | D:4      | Killed Natasha
  4782 | D:5      | Entered Level 5 of the Dungeon
  4848 | D:5      | Reached skill level 8 in Fighting
  5264 | D:5      | Reached **** piety under Trog
  5724 | D:6      | Found Vuenn's Vocational Training.
  5851 | D:6      | Slain by an orc warrior

Illustrated notes

Levels and vault maps discovered:
D:1:      co_arrival_hexagon_in_a_hexagon, layout_loops_ring,
          shapermc_ecumenical_altar_ellora, grunt_decor_one_mirror,
          kennysheep_flooded_box
D:2:      layout_loops_corners
D:3:      minmay_bubble_buster, layout_loops_ring, tgw_kikubaaqudgha,
          grunt_ministairs_15, serial_bayou_pond_e
D:4:      layout_loops_cross, general_overflow_altar, gup_sewer_entry_bowl,
          due_unseen_surprise, uniq_natasha, uniq_pikel, uniq_duvessa
D:5:      layout_loops_ring
D:6:      layout_loops_corners, mainiacjoe_overflow_swirl,
          nicolae_shop_vocational

Skill      XL: |  1  2  3  4  5  6  7  8 |
---------------+-------------------------+-----
Axes           | 4 5 6 |  6.9
Fighting       | 4 5 6 7 8 |  8.8
Armour         | 3 4 5 6 |  6.2
Throwing       | 1 2 3 4 |  4.4
Evocations     | 1 2 3 4 |  4.0
Dodging        | |  2.5

Action                   |  1- 3 |  4- 6 |  7- 9 || total
-------------------------+-------+-------+-------++-------
Melee: Hand axe          |    71 |   180 |   108 ||   359
       Headbutt          |     7 |    25 |    16 ||    48
Throw: Dart              |       |     2 |       ||     2
Invok: Berserk           |       |     2 |     3 ||     5
       Trog's Hand       |       |     1 |     1 ||     2
  Use: Scroll            |       |    13 |       ||    13
Armor: Animal skin       |     2 |       |       ||     2
       Scale mail        |    13 |    29 |       ||    42
       Chain mail        |       |    38 |    47 ||    85
Dodge: Dodged            |    52 |    88 |    51 ||   191
Block: Kite shield       |       |    52 |    29 ||    81
